 Dungeon Crawl Stone Soup version 0.23-a0-458-g93a6ea9 (webtiles) character file.

12310 Amnesiac the Geomancer (level 11, -3/68 HPs)
             Began as a Demonspawn Earth Elementalist on Nov 25, 2018.
             Was an Elder of Dithmenos.
             Engulfed by a cloud of flame (23 damage)
             ... on level 10 of the Dungeon.
             The game lasted 00:21:34 (10729 turns).

Amnesiac the Geomancer (DsEE)                      Turns: 10729, Time: 00:21:35

Health: -3/68      AC: 12    Str:  8    XL:     11   Next: 60%
Magic:  19/35      EV: 14    Int: 21    God:    Dithmenos [****..]
Gold:   636        SH:  7    Dex: 13    Spells: 18/33 levels left

rFire    . . .     SeeInvis .   a - +0 short sword (venom)
rCold    + . .     Gourm    .   C - +0 buckler
rNeg     . . .     Faith    .   G - +2 robe {rC+}
rPois    .         Spirit   .   (helmet restricted)
rElec    .         Reflect  +   c - +0 cloak
rCorr    .         Harm     .   r - +0 pair of gloves
MR       .....                  A - +2 pair of boots
Stlth    +++.......             s - +2 amulet of reflection
HPRegen  0.21/turn              P - +2 ring of evasion
MPRegen  0.24/turn              M - ring of magical power

@: wreathed by umbra
A: horns 1, icy blue scales 2, foul stench 1, powered by death 1, rot immunity
a: Shadow Step, Renounce Religion


You were on level 10 of the Dungeon.
You worshipped Dithmenos.
Dithmenos was greatly pleased with you.
You were not hungry.

You visited 1 branch of the dungeon, and saw 10 of its levels.

You collected 636 gold pieces.

Inventory:

Hand Weapons
 a - a +0 short sword of venom (weapon)
 i - a +1 glaive
 v - a +0 blowgun
 H - a +1 short sword of speed
 J - a +3 scimitar of flaming
 N - the cursed +1 fustibalus of the Sky {velocity, rPois Int+2 Dex+2, unknown}
   (You found it on level 9 of the Dungeon)

   Any stone fired from it inflicts extra damage.
   It affects your intelligence (+2).
   It affects your dexterity (+2).
   It protects you from poison.
   It has a curse placed upon it.
Missiles
 b - 175 stones (quivered)
Armour
 c - a +0 cloak (worn)
 r - a +0 pair of gloves (worn)
 A - a +2 pair of boots (worn)
 C - a +0 buckler (worn)
 G - a +2 robe of cold resistance (worn)
Jewellery
 m - an uncursed ring of poison resistance
 s - a +2 amulet of reflection (around neck)
 x - an uncursed ring of protection from cold
 D - an uncursed ring of fire
 M - a ring of magical power (right hand)
 P - a +2 ring of evasion (left hand)
Wands
 q - a wand of polymorph (5)
 E - a wand of disintegration (13)
 I - a wand of iceblast (13)
 Q - a wand of clouds (5)
Scrolls
 l - 2 scrolls of fear {!r}
 t - 2 scrolls of remove curse {!r}
 y - a scroll of teleportation {!r}
 z - a scroll of enchant weapon {!r}
 F - a scroll of blinking {!r}
 L - a scroll of fog {!r, unknown}
 S - a scroll of magic mapping {!r, unknown}
 T - a scroll of identify {!r}
 U - a scroll of noise {!r, unknown}
Potions
 e - a potion of berserk rage {!q, unknown}
 f - 3 potions of mutation {!q, unknown}
 g - 7 potions of curing {!q, unknown}
 h - 2 potions of agility {!q, unknown}
 j - 2 potions of heal wounds {!q, unknown}
 k - 2 potions of haste {!q, unknown}
 n - 5 potions of degeneration {!q, unknown}
 o - a potion of brilliance {!q}
 u - a potion of might {!q}
 w - 2 potions of resistance {!q}
 B - a potion of flight {!q}
Miscellaneous
 O - a phial of floods
Comestibles
 d - 22 rations
 K - 4 chunks of flesh


   Skills:
 - Level 1.7 Dodging
 - Level 1.7 Stealth
 - Level 4.0 Shields
 + Level 11.7 Spellcasting
 - Level 0.8 Transmutations
 - Level 12.0 Earth Magic


You had 18 spell levels left.
You knew the following spells:

 Your Spells              Type           Power        Failure   Level  Hunger
a - Sandblast             Erth           ######       1%          1    None
b - Passwall              Tmut/Erth      #####...     1%          2    None
c - Stone Arrow           Conj/Erth      #####.       1%          3    None
d - Lee's Rapid Deconstr  Erth           ######....   1%          5    ####...
e - Petrify               Tmut/Erth      #####...     3%          4    #......

Your spell library contained the following spells:

 Spells                   Type           Power        Failure   Level  Hunger
 Corona                   Hex            ##.....      5%          1    None
 Ensorcelled Hibernation  Hex/Ice        ##....       9%          2    None
 Confuse                  Hex            ##......     16%         3    None
 Dazzling Spray           Conj/Hex       ##....       16%         3    None
 Tukima's Dance           Hex            ##......     16%         3    None


Dungeon Overview and Level Annotations

Branches:
Dungeon (10/15)            Temple (0/1) D:6            Lair (0/6) D:9
    Orc (0/2) D:10

Altars:
Dithmenos
Elyvilon
Fedhas
Hepliaklqana
Xom

Shops:
D:10 *

Portals:
Trove: D:10 (show abyssal rune of Zot)


Innate Abilities, Weirdness & Mutations

You have a pair of small horns on your head.
You are mostly covered in icy blue scales. (AC +3)
You may emit foul miasma when damaged in melee.
You regenerate a little health from kills.
You are immune to rotting.


Message History

The two-headed ogre moves out of view.
The two-headed ogre shouts in stereo!
The two-headed ogre is too close now for your liking.
Casting: Lee's Rapid Deconstruction (safe; 1% risk of failure)
Confirm with . or Enter, or press ? or * to list all spells.
Aiming: Lee's Rapid Deconstruction (safe; 1% risk of failure)
Press: ? - help, Dir - move target cursor A rock wall.
This square is wreathed by an umbra.
The wall shatters!
The blast of rock fragments hits the two-headed ogre.
The two-headed ogre is heavily wounded.
Casting: Lee's Rapid Deconstruction (safe; 1% risk of failure)
Confirm with . or Enter, or press ? or * to list all spells.
Aiming: Lee's Rapid Deconstruction (safe; 1% risk of failure)
Press: ? - help, Dir - move target cursor A rock wall.
This square is wreathed by an umbra.
The wall shatters!
The blast of rock fragments hits the two-headed ogre.
The two-headed ogre is severely wounded.
The two-headed ogre closely misses you.
The two-headed ogre hits you with a +0 giant club!!
Casting: Lee's Rapid Deconstruction (safe; 1% risk of failure)
Confirm with . or Enter, or press ? or * to list all spells.
Aiming: Lee's Rapid Deconstruction (safe; 1% risk of failure)
Press: ? - help, Dir - move target cursor A rock wall.
This square is wreathed by an umbra.
The wall shatters!
The blast of rock fragments hits the two-headed ogre.
The two-headed ogre is almost dead.
You are feeling hungry.
Casting: Lee's Rapid Deconstruction (safe; 1% risk of failure)
Confirm with . or Enter, or press ? or * to list all spells.
Aiming: Lee's Rapid Deconstruction (safe; 1% risk of failure)
Press: ? - help, Dir - move target cursor A rock wall.
This square is wreathed by an umbra.
The wall shatters!
The blast of rock fragments hits the two-headed ogre.
You kill the two-headed ogre!
Dithmenos accepts your kill.
Eating one of 5 chunks of flesh.
You eat one of the 5 chunks of flesh.
This raw flesh tastes terrible.
Found an orc skeleton.
Things that are here:
a cursed -3 giant club; a +0 giant club
Found an orc skeleton.
Found a throwing net.
You see here a throwing net.
d - 20 rations (gained 3)
d - 21 rations (gained 1)
d - 22 rations (gained 1) Done exploring.
Done exploring.
Done exploring.
Really walk into that cloud of flame?
Really walk into a travel-excluded area?
You are engulfed in blazing flames.
You are engulfed in blazing flames.
* * * LOW HITPOINT WARNING * * *
You are engulfed in blazing flames.
You die...

...#####......................#
...#####....#.................#
...#####...###...###..........#
....###.....#....##...........#
.................##...........#
..............####..##........#
(............#########........#
.............##...###).......##
...(.........##.@(#..#......##
..#))........##รทรท..###.....##
.###)(.......#########....##
).#)).........#######....##
...)....###.............##
........# #............##
........###...........##
.....................##
....................##


There were no monsters in sight!

Vanquished Creatures
  A hydra (D:9)
  A centaur warrior (D:10)
  Erica (D:9)
  A two-headed ogre (D:10)
  An unseen horror (D:10)
  Pikel (D:9)
  Maurice (D:9)
  A wyvern (D:10)
  A wraith (D:9)
  Sigmund (D:4)
  16 yaks
  3 slaves (D:9)
  2 hungry ghosts
  2 water moccasins
  2 porcupines (D:9)
  3 orc warriors
  3 black bears (D:9)
  A necrophage (D:10)
  2 phantoms
  2 sky beasts
  7 centaurs
  2 ogres (D:9)
  2 crocodiles (D:9)
  A big kobold (D:9)
  9 bullfrogs
  4 scorpions
  A wyvern skeleton (D:10)
  8 killer bees
  The ghost of Lavandula the Sneak, a weakling NaAE (D:4)
  6 howler monkeys
  2 bullfrog zombies
  3 crimson imps
  3 hounds
  5 jellies
  2 centaur skeletons
  2 bullfrog skeletons
  7 orc priests
  2 iguanas (D:6)
  6 orc wizards
  8 worker ants
  A hound skeleton (D:8)
  4 adders
  3 gnolls (D:7)
  2 shadow imps (D:6)
  A white imp (D:4)
  A worker ant simulacrum (D:4)
  2 oozes
  2 adder zombies
  An adder skeleton (D:4)
  4 worms
  2 dart slugs
  7 leopard geckos
  28 orcs
  2 bats
  7 giant cockroaches
  3 goblins
  5 hobgoblins
  17 jackals
  11 kobolds
  7 quokkas
  A ball python (D:4)
  3 frilled lizards
  A giant cockroach simulacrum (D:4)
  2 leopard gecko simulacra (D:4)
  A quokka simulacrum (D:4)
  10 rats
255 creatures vanquished.

Vanquished Creatures (others)
  5 dream sheep (D:4)
  2 yaks (D:9)
  A slave (D:9)
  41 fungi (D:9)
  17 plants (D:9)
66 creatures vanquished.

Grand Total: 321 creatures vanquished

Notes
Turn   | Place    | Note
-------+----------+-------------------------------------------
     0 | D:1      | Amnesiac the Demonspawn Earth Elementalist began the quest
                  | for the Orb.
     0 | D:1      | Reached XP level 1. HP: 13/13 MP: 3/3
   157 | D:2      | Reached skill level 3 in Earth Magic
   157 | D:2      | Gained mutation: You regenerate a little health from kills.
                  | [demonic ancestry]
   157 | D:2      | Reached XP level 2. HP: 19/19 MP: 1/5
   280 | D:2      | Learned a level 2 spell: Passwall
   452 | D:4      | Found a runed gate.
   452 | D:4      | Found a runed gate.
   452 | D:4      | Found a runed gate.
   456 | D:5      | Entered Level 5 of the Dungeon
   460 | D:5      | Gained mutation: You are partially covered in icy blue
                  | scales. (AC +2) [demonic ancestry]
   460 | D:5      | Reached XP level 3. HP: 21/24 MP: 6/6
   537 | D:6      | Noticed a centaur
   698 | D:4      | Noticed Lavandula's ghost (weakling NaAE)
   762 | D:4      | Reached skill level 4 in Earth Magic
   762 | D:4      | Reached XP level 4. HP: 24/30 MP: 2/8
   775 | D:4      | Learned a level 4 spell: Petrify
  1120 | D:4      | Noticed Sigmund
  1132 | D:4      | Reached XP level 5. HP: 28/35 MP: 3/9
  1133 | D:4      | Killed Sigmund
  1133 | D:4      | Reached skill level 5 in Earth Magic
  1133 | D:4      | Gained mutation: You are immune to rotting. [demonic
                  | ancestry]
  1133 | D:4      | Reached XP level 6. HP: 27/41 MP: 2/11
  1541 | D:4      | Found a shimmering altar of Xom.
  1541 | D:4      | Noticed a dream sheep
  1541 | D:4      | Noticed a dream sheep
  1541 | D:4      | Noticed a dream sheep
  1541 | D:4      | Noticed a dream sheep
  1541 | D:4      | Noticed a dream sheep
  1543 | D:4      | Killed a dream sheep
  1543 | D:4      | Reached skill level 6 in Earth Magic
  1546 | D:4      | Killed a dream sheep
  1546 | D:4      | Killed a dream sheep
  1547 | D:4      | Killed a dream sheep
  1548 | D:4      | Killed a dream sheep
  1559 | D:4      | Learned a level 5 spell: Lee's Rapid Deconstruction
  1727 | D:4      | Gained mutation: You are mostly covered in icy blue scales.
                  | (AC +3) [demonic ancestry]
  1727 | D:4      | Reached XP level 7. HP: 43/46 MP: 7/13
  2550 | D:5      | Found a white marble altar of Elyvilon.
  2572 | D:5      | Reached skill level 7 in Earth Magic
  2810 | D:6      | Reached skill level 5 in Spellcasting
  2909 | D:6      | Reached XP level 8. HP: 45/52 MP: 0/15
  3183 | D:6      | Found a staircase to the Ecumenical Temple.
  3290 | D:7      | Reached skill level 8 in Earth Magic
  3308 | D:7      | Found a shadowy altar of Dithmenos.
  3410 | D:7      | Became a worshipper of Dithmenos the Shadowed
  5425 | D:3      | Found a blossoming altar of Fedhas.
  6153 | D:6      | Got a creamy pearl robe
  6223 | D:6      | Identified the +1 robe of the Lost Path {-Cast rElec rCorr
                  | Str+5} (You found it on level 6 of the Dungeon)
  6502 | D:7      | Reached skill level 1 in Shields
  6626 | D:4      | Killed Lavandula's ghost
  6777 | D:7      | Reached skill level 9 in Earth Magic
  6830 | D:7      | Reached * piety under Dithmenos
  6868 | D:7      | Gained mutation: You may emit foul miasma when damaged in
                  | melee. [demonic ancestry]
  6868 | D:7      | Reached XP level 9. HP: 48/57 MP: 2/18
  7506 | D:8      | Reached ** piety under Dithmenos
  7648 | D:8      | Reached skill level 10 in Earth Magic
  8216 | D:9      | Reached XP level 10. HP: 63/63 MP: 2/21
  8223 | D:9      | Noticed Pikel
  8253 | D:9      | Killed Pikel
  8257 | D:9      | Reached skill level 11 in Earth Magic
  8456 | D:9      | Reached *** piety under Dithmenos
  8569 | D:9      | Noticed Erica
  8595 | D:10     | Entered Level 10 of the Dungeon
  8597 | D:10     | Found Ishaug's Assorted Antiques.
  8691 | D:10     | Noticed a centaur warrior
  8790 | D:9      | Learned a level 3 spell: Stone Arrow
  8889 | D:9      | Killed Erica
  8889 | D:9      | Reached skill level 12 in Earth Magic
  8989 | D:9      | Noticed an eight-headed hydra
  8995 | D:9      | Killed an eight-headed hydra
  9106 | D:9      | Found a staircase to the Lair.
  9158 | D:9      | Got a warped fustibalus
  9174 | D:9      | Gained mutation: You have a pair of small horns on your
                  | head. [demonic ancestry]
  9174 | D:9      | Reached XP level 11. HP: 68/68 MP: 18/24
  9402 | D:9      | Noticed Maurice
  9426 | D:9      | Killed Maurice
  9569 | D:9      | Found a hazy altar of Hepliaklqana.
  9620 | D:9      | Reached skill level 10 in Spellcasting
 10009 | D:10     | Reached **** piety under Dithmenos
 10124 | D:10     | Killed an unseen horror
 10259 | D:10     | Found a staircase to the Orcish Mines.
 10350 | D:10     | Killed a centaur warrior
 10606 | D:10     | Found a portal to a secret trove of treasure.
 10708 | D:10     | Noticed a two-headed ogre
 10713 | D:10     | Killed a two-headed ogre
 10729 | D:10     | Engulfed by a cloud of flame

Vault maps used:
D:1:      dpeg_arrival_boxes_within_box, serial_forest,
          infiniplex_forest_straight_5, infiniplex_forest_end_2,
          infiniplex_forest_end_2, infiniplex_forest_lined_corner,
          infiniplex_forest_clump_curved, infiniplex_forest_lined_3,
          infiniplex_forest_clump_double, infiniplex_forest_corner_1,
          hangedman_decor_growths, amethyst_killhole
D:3:      fedhas_ov_isle_minmay, first_ration
D:4:      kb_xom_exploding_sheep, gammafunk_ghost_icy, uniq_sigmund
D:5:      elyvilon_altar_3, kennysheep_generic_room_2
D:6:      minmay_temple_entry_from_below_a
D:7:      nicolae_dithmenos_the_darkroom
D:9:      lemuel_coloured_pillars_altar, due_lair_maze_entry_diamond,
          serial_column_ruins, column_ruins_columns_straight,
          column_ruins_corridor_straight, column_ruins_open_medium,
          column_ruins_corridor_corner, uniq_maurice, uniq_pikel, uniq_erica
D:10:     serial_shops, nicolae_shop_overgrown_old_shop, enter_trove_0,
          grunt_ogre_cave

Skill      XL: |  1  2  3  4  5  6  7  8  9 10 11 |
---------------+----------------------------------+-----
Earth Magic    | 3 4 5 6 7 9 10 12 | 12.0
Spellcasting   | 3 4 5 6 7 9 11 | 11.7
Shields        | 2 4 |  4.0
Dodging        | |  1.7
Stealth        | |  1.7
Transmutations | |  0.8

Action                   |  1- 3 |  4- 6 |  7- 9 | 10-12 || total
-------------------------+-------+-------+-------+-------++-------
Melee: Unarmed           |    23 |       |       |       ||    23
       Glaive            |    15 |    16 |   299 |       ||   330
       Short sword       |       |       |   123 |    45 ||   168
       Headbutt          |       |       |       |     3 ||     3
 Cast: Sandblast         |    29 |    24 |    59 |    58 ||   170
       Lee's Rapid Decon |       |       |    25 |    53 ||    78
       Passwall          |       |       |     2 |       ||     2
       Petrify           |       |       |     1 |     7 ||     8
Evoke: Wand              |       |       |       |     1 ||     1
  Use: Scroll            |     5 |       |     6 |     3 ||    14
 Stab: Sleeping          |     1 |     1 |    18 |       ||    20
       Distracted        |       |       |     1 |       ||     1
       Petrified         |       |       |    10 |       ||    10
  Eat: Chunk             |       |     3 |    29 |    19 ||    51
Armor: Robe              |    17 |     9 |   167 |    30 ||   223
Dodge: Dodged            |    40 |    18 |   338 |    35 ||   431
Block: Other             |       |       |    22 |       ||    22
       Buckler           |       |       |     1 |    29 ||    30
       Reflection        |       |       |     1 |     2 ||     3

Table legend:
 A = Non-vault XP
 B = Vault XP
 C = Vault XP percentage of total XP
 D = Non-vault monster count
 E = Vault monster count
 F = Vault count percentage of total count
                 A         B        C        D         E       F
            +---------+---------+-------+---------+---------+-------
      Total |   13121 |    4466 |  25.4 |     232 |      23 |   9.0
            +---------+---------+-------+---------+---------+-------
        D:1 |      23 |       0 |   0.0 |      13 |       0 |   0.0
        D:2 |      61 |       0 |   0.0 |      20 |       0 |   0.0
        D:3 |      52 |       0 |   0.0 |      16 |       0 |   0.0
        D:4 |     486 |     289 |  37.3 |      19 |       8 |  29.6
        D:5 |     262 |     159 |  37.8 |      15 |       2 |  11.8
        D:6 |     679 |       0 |   0.0 |      18 |       0 |   0.0
        D:7 |    1110 |       0 |   0.0 |      21 |       0 |   0.0
        D:8 |    1431 |       0 |   0.0 |      41 |       0 |   0.0
        D:9 |    5220 |    3113 |  37.4 |      40 |      12 |  23.1
       D:10 |    3797 |     905 |  19.2 |      29 |       1 |   3.3
            +---------+---------+-------+---------+---------+-------
